 Dungeon Crawl Stone Soup version 0.29-a0-23-ga79f92ac9c (webtiles) character file.

Game seed: 15892783198753974927

569 HallandMoats the Skirmisher (level 7, 0/61 HPs)
             Began as a Ghoul Monk on Jan 30, 2022.
             Was a Priest of Qazlal.
             Slain by a black bear (1 damage)
             ... on level 4 of the Dungeon.
             The game lasted 00:04:14 (3720 turns).

HallandMoats the Skirmisher (Ghoul Monk)            Turns: 3720, Time: 00:04:15

Health: 0/61       AC:  9    Str: 17    XL:     7   Next: 33%
Magic:  3/8        EV:  7    Int:  5    God:    Qazlal [***...]
Gold:   106        SH:  4    Dex: 11    Spells: 6/6 levels left

rFire   . . .      SeeInvis .     - Unarmed
rCold   + . .      Faith    .   (no shield)
rNeg    + + +      Spirit   .   r - +0 chain mail
rPois   ∞          Reflect  .   (no helmet)
rElec   .          Harm     .   (no cloak)
rCorr   .          Rampage  .   (no gloves)
Will    .....                   b - +0 pair of boots
Stlth   ..........              (no amulet)
HPRegen 0.00/turn               (no ring)
MPRegen 0.11/turn               (no ring)

@: inhibited regen
A: claws 1, cold resistance 1, negative energy resistance 3, inhibited
regeneration, torment resistance 2
a: Renounce Religion, Upheaval, Elemental Force


You were on level 4 of the Dungeon.
You worshipped Qazlal.
Qazlal was most pleased with you.
You visited 1 branch of the dungeon, and saw 4 of its levels.

You collected 128 gold pieces.
You spent 22 gold pieces at shops.

Inventory:

Missiles
 k - a throwing net (quivered)
Armour
 b - a +0 pair of boots (worn)
 r - a +0 chain mail (worn)
Jewellery
 f - a ring of ice
Scrolls
 c - 3 scrolls of enchant weapon
 d - a scroll of teleportation
 e - a scroll of brand weapon
 h - 2 scrolls of amnesia {unknown}
 j - 2 scrolls of noise {unknown}
 l - a scroll of magic mapping {unknown}
 m - a scroll of torment {unknown}
Potions
 g - a potion of heal wounds
 i - a potion of degeneration {unknown}
 n - a potion of flight {unknown}
 p - a potion of curing {unknown}
 q - a potion of brilliance {unknown}


   Skills:
 * Level 5.2 Fighting
 + Level 2.0 Armour
 + Level 3.5 Dodging
 - Level 2.1 Stealth
 * Level 1.7 Shields
 * Level 5.1 Unarmed Combat
 * Level 3.4 Invocations


You had 6 spell levels left.
You didn't know any spells.
Your spell library contained the following spells:

 Spells                   Type           Power      Damage    Failure   Level
 Slow                     Hex            0%         N/A       100%        1
 Confusing Touch          Hex            0%         N/A       100%        3
 Vampiric Draining        Necr           0%         2d6       100%        3


Dungeon Overview and Level Annotations

Branches:
Dungeon (4/15)
 Temple: D:4-7

Altars:
Elyvilon
Qazlal

Shops:
D:1 *!?[[


Innate Abilities, Weirdness & Mutations

You thrive by killing the living.
You are immune to poison.
You have sharp fingernails.
Your flesh is cold resistant. (rC+)
You are immune to negative energy. (rN+++)
You do not regenerate when monsters are visible.
You are immune to unholy pain and torment.


Message History

The black bear bites you. The black bear claws you.
* * * LOW HITPOINT WARNING * * *
The black bear claws you.
* * * LOW HITPOINT WARNING * * *
You block something's attack.
You scratch the orc priest.
You kill the orc priest!
Qazlal accepts your kill.
The black bear bites you but does no damage.
The black bear barely misses you. The black bear claws you.
* * * LOW HITPOINT WARNING * * *
Aiming: Upheaval
Press: ? - help, Dir - move target Magma suddenly erupts from the ground!
The blast of magma engulfs something!!
Qazlal accepts your kill.
Reactivating autopickup.
You feel a bit more experienced. The black bear bites you.
* * * LOW HITPOINT WARNING * * *
The black bear claws you.
* * * LOW HITPOINT WARNING * * *
The black bear claws you.
* * * LOW HITPOINT WARNING * * *
Unknown command.
Unknown command.
Items here: ( )) †.
You barely miss the black bear.
The black bear bites you but does no damage.
You block the black bear's attack.
The black bear claws you but does no damage.
Things that are here:
a +0 dagger; a +0 flail; a +0 ring mail The black bear bites you!
* * * LOW HITPOINT WARNING * * *
The black bear claws you.
* * * LOW HITPOINT WARNING * * *
You block the black bear's attack.
You see here a +0 robe.
The black bear bites you.
You die...

######÷.............#
#....#.####.........##
#......# #..........#
#.....## ##........##
#.....# #........#
#.....# ##......##
#.....# #.....##
##....# #..†.## #....#
#.@.(# ####.# #.[h.#
#..).# #....# #.....#
#......# #......#
#......# ......##


You could see a black bear.

Vanquished Creatures
  A black bear (D:4)
  A phantom (D:2)
  A water moccasin skeleton (D:3)
  2 orc priests
  Jessica (D:3)
  Natasha (twice) (D:3)
  2 orc wizards
  4 gnolls (D:3)
  3 adders
  3 dart slugs (D:3)
  8 orcs
  8 ball pythons
  7 bats
  3 endoplasms
  2 giant cockroaches (D:2)
  6 goblins
  9 hobgoblins
  6 jackals
  3 quokkas
  3 frilled lizards
  9 kobolds
  4 rats
88 creatures vanquished.

Vanquished Creatures (others)
  A butterfly (D:3)
1 creature vanquished.

Grand Total: 89 creatures vanquished

Notes
Turn   | Place    | Note
-------+----------+-------------------------------------------
     0 | D:1      | HallandMoats the Ghoul Monk began the quest for the Orb.
     0 | D:1      | Reached XP level 1. HP: 19/19 MP: 0/0
    36 | D:1      | Found Hojic's Armour Shop.
    54 | D:1      | Found Zylimmod's Armour Shop.
   307 | D:1      | Found Sacef's Distillery.
   316 | D:1      | Found Huismoss's Assorted Antiques.
   545 | D:1      | Found Cikhiv's Magic Scroll Shop.
   548 | D:1      | Bought a scroll of identify for 22 gold pieces
   616 | D:1      | Reached XP level 2. HP: 18/26 MP: 1/1
  1166 | D:2      | Reached XP level 3. HP: 33/33 MP: 2/2
  1409 | D:2      | Found a faded altar of an unknown god.
  1419 | D:2      | Reached skill level 1 in Invocations
  1425 | D:2      | Prayed at the altar of an unknown god.
  1425 | D:2      | Became a worshipper of Qazlal Stormbringer
  1425 | D:2      | Reached * piety under Qazlal
  1425 | D:2      | Reached ** piety under Qazlal
  1448 | D:2      | Noticed a phantom
  1453 | D:2      | Killed a phantom
  1454 | D:2      | Reached skill level 1 in Armour
  1454 | D:2      | Reached XP level 4. HP: 32/40 MP: 2/4
  1454 | D:2      | Reached XP level 5. HP: 36/46 MP: 2/5
  2048 | D:3      | Reached *** piety under Qazlal
  2194 | D:3      | Noticed Natasha
  2205 | D:3      | Killed Natasha
  2309 | D:3      | Reached XP level 6. HP: 53/53 MP: 6/6
  2316 | D:3      | Noticed Jessica
  2322 | D:3      | Killed Jessica
  2395 | D:3      | Reached skill level 1 in Shields
  2439 | D:3      | Noticed Natasha
  2446 | D:3      | Killed Natasha
  2929 | D:3      | Reached skill level 5 in Fighting
  3451 | D:4      | Noticed a black bear
  3468 | D:4      | Killed a black bear
  3469 | D:4      | Reached skill level 5 in Unarmed Combat
  3469 | D:4      | Reached XP level 7. HP: 19/61 MP: 8/8
  3719 | D:4      | HP: 2/61 [black bear (7)]
  3720 | D:4      | Slain by a black bear

Illustrated notes

Levels and vault maps discovered:
D:1:      dpeg_arrival_renting, layout_loops_ring, serial_shops,
          nicolae_shop_behind_doors, nicolae_shop_stone,
          nicolae_shop_overgrown_old_shop, shop, shop, minmay_close_crescents
D:2:      minmay_chambers_of_twos, layout_basic,
          hellmonk_ecumenical_altar_run_dry
D:3:      minmay_bubble_buster, layout_basic, nicolae_elyvilon_peaceful_grove,
          uniq_natasha, uniq_jessica
D:4:      layout_cave_pods, lemuel_mausoleum_altar_yredelemnul,
          kennysheep_opposing_triangles

Skill      XL: |  1  2  3  4  5  6 |
---------------+-------------------+-----
Invocations    | 1 2 3 |  3.4
Fighting       | 4 5 |  5.2
Armour         | 1 2 |  2.0
Dodging        | 3 |  3.5
Unarmed Combat | 4 5 |  5.1
Shields        | 1 |  1.7
Stealth        | |  2.1

Action                   |  1- 3 |  4- 6 |  7- 9 || total
-------------------------+-------+-------+-------++-------
Melee: Unarmed           |   100 |   171 |    10 ||   281
       Punch             |     5 |     5 |     1 ||    11
Invok: Upheaval          |       |       |     2 ||     2
  Use: Scroll            |     2 |     2 |       ||     4
 Stab: Sleeping          |     3 |       |       ||     3
Armor: Robe              |    36 |    17 |       ||    53
       Chain mail        |       |    23 |    11 ||    34
Dodge: Dodged            |    49 |    69 |    12 ||   130
Block: Other             |     1 |    32 |     6 ||    39

Table legend: (Time is in decaauts)
 A = Elapsed time spent in this place.
 B = Non-inter-level travel time spent in this place.
 C = Inter-level travel time spent in this place.
 D = Time resting spent in this place.
 E = Time spent auto-exploring this place.
 F = Levels seen in this place.
 G = Mean time per level.
                   A        B        C        D        E       F      G
               +--------+--------+--------+--------+--------+-----+--------+
         Total |   3698 |   3623 |     75 |    238 |   2854 |   4 |  924.5 |
       Dungeon |   3698 |   3623 |     75 |    238 |   2854 |   4 |  924.5 |
               +--------+--------+--------+--------+--------+-----+--------+

Top non-repeatable levels by time:
     D:3: 1631 daAuts
     D:1: 1039 daAuts
     D:2: 749 daAuts
     D:4: 278 daAuts
